 Dungeon Crawl Stone Soup version 0.20.0-8-g6b59dc7 (webtiles) character file.

607 Kosschaser the Sneak (level 7, -4/38 HPs)
             Began as a Deep Elf Enchanter on June 1, 2017.
             Slain by dricus's ghost (12 damage)
             ... on level 4 of the Dungeon.
             The game lasted 00:22:19 (4812 turns).

Kosschaser the Sneak (Deep Elf Enchanter)           Turns: 4812, Time: 00:22:20

Health: -4/38      AC:  3    Str:  5    XL:     7   Next: 19%
Magic:  15/15      EV: 14    Int: 20    God:
Gold:   104        SH:  0    Dex: 15    Spells: 8/14 levels left

rFire    . . .     SeeInvis .   i - +2 short sword (venom)
rCold    . . .     Gourm    .   (no shield)
rNeg     . . .     Faith    .   b - +0 robe
rPois    .         Spirit   .   (no helmet)
rElec    .         Reflect  .   E - scarf {repulsion}
rCorr    .         Harm     .   B - +0 pair of gloves
MR       .....     Rnd*Tele +   (no boots)
Stlth    ++++......             (no amulet)
Regen    0.2/turn               y - -2 ring of dexterity (curse)
MPRegen  0.2/turn               h - ring of teleportation (curse)

@: repel missiles
A: no striking features
a: no special abilities


You were on level 4 of the Dungeon.
You were hungry.

You visited 1 branch of the dungeon, and saw 5 of its levels.

You collected 104 gold pieces.

Inventory:

Hand Weapons
 a - a +1 dagger
 i - a +2 short sword of venom (weapon)
 q - a +2 dagger of venom
Armour
 b - a +0 robe (worn)
 B - a +0 pair of gloves (worn)
 E - a scarf of repulsion (worn)
Jewellery
 h - a cursed ring of teleportation (right hand)
 y - a cursed -2 ring of dexterity (left hand)
Scrolls
 f - a scroll of magic mapping
 g - a scroll of amnesia
 m - 4 scrolls of teleportation
 n - a scroll of fear {unknown}
 p - 2 scrolls of fog
 u - 4 scrolls of remove curse {unknown}
 w - 2 scrolls of immolation {unknown}
 A - a scroll of blinking {unknown}
 F - a scroll of identify
Potions
 e - a potion of degeneration {unknown}
 k - a potion of berserk rage {unknown}
 l - a potion of haste {unknown}
 o - 2 potions of curing {unknown}
 r - 2 potions of brilliance {unknown}
 t - 3 potions of flight {unknown}
 v - a potion of ambrosia {unknown}
 x - a potion of heal wounds {unknown}
 z - 2 potions of mutation {unknown}
 C - a potion of cancellation {unknown}
Books
 c - a book of Maledictions

   Spells                             Type                      Level
   a - Corona                         Hexes                        1
   b - Ensorcelled Hibernation        Hexes/Ice                    2
   c - Confuse                        Hexes                        3
   d - Tukima's Dance                 Hexes                        3
   e - Dazzling Spray                 Conjuration/Hexes            3
 s - a book of Misfortune

   Spells                             Type                      Level
   a - Confusing Touch                Hexes                        1
   b - Confuse                        Hexes                        3
   c - Gell's Gravitas                Translocation                3
   d - Petrify                        Transmutation/Earth          4
   e - Metabolic Englaciation         Hexes/Ice                    5
   f - Yara's Violent Unravelling     Hexes/Transmutation          5
Comestibles
 d - 2 bread rations
 j - 5 fruits
 D - a chunk of flesh
 G - a meat ration


   Skills:
 + Level 1.0 Fighting
 + Level 2.4 Short Blades
 * Level 4.3 Dodging
 + Level 7.6 Stealth
 + Level 4.0 Spellcasting
 + Level 4.9 Hexes
 + Level 2.4 Ice Magic


You had 8 spell levels left.
You knew the following spells:

 Your Spells              Type           Power        Failure   Level  Hunger
a - Corona                Hex            ###....      1%          1    None
b - Ensorcelled Hibernat  Hex/Ice        ###...       4%          2    #......
c - Confuse               Hex            ###.....     4%          3    ###....


Dungeon Overview and Level Annotations

Branches:
Dungeon (5/15)
 Temple: D:4-7

Altars:

Annotations:
D:4 dricus's ghost, amateur GrGl


Message History

You hit dricus's ghost.
Dricus's ghost is almost destroyed.
You hit dricus's ghost but do no damage.
Dricus's ghost is almost destroyed.
You hit dricus's ghost.
Dricus's ghost is almost destroyed.
Dricus's ghost hits you.
You hit dricus's ghost but do no damage.
Dricus's ghost is almost destroyed.
Dricus's ghost hits you!
* * * LOW HITPOINT WARNING * * *
You hit dricus's ghost but do no damage.
Dricus's ghost is almost destroyed.
Dricus's ghost seems less confused.
Dricus's ghost says very slowly, "There's no hope."
Dricus's ghost closely misses you.
Dricus's ghost says very slowly, "There's no hope."
There is a stone staircase leading up here.
Dricus's ghost hits you!
You die...

## #. #. ### #.#
##.#######.#####
##...#......@W..# #
####......###..##..# .#
##..............##..##.#
...####.##.............#
#### #.##..######.#.###
### #.##..#####.###.##
... #######'##.......##
##.## #.?
....##...##.###.## ##.#
#.# ..#.#.....#.# #..##
##.## #.###


You could see dricus's ghost.

Vanquished Creatures
  An ogre (D:3)
  A scorpion (D:5)
  A crimson imp (D:5)
  A jelly (D:5)
  A centaur skeleton (D:4)
  5 orc wizards (D:5)
  An iguana (D:3)
  2 worker ants (D:5)
  3 gnolls (D:3)
  5 adders
  An ooze (D:3)
  2 worms (D:3)
  2 dart slugs
  2 leopard geckos (D:1)
  3 orcs (D:3)
  7 bats
  4 giant cockroaches (D:3)
  4 goblins
  10 hobgoblins
  2 quokkas (D:2)
  A ball python skeleton (D:4)
  7 frilled lizards
  10 kobolds
  A leopard gecko zombie (D:4)
  A quokka skeleton (D:5)
  11 rats
89 creatures vanquished.

Notes
Turn   | Place    | Note
-------+----------+-------------------------------------------
     0 | D:1      | Kosschaser the Deep Elf Enchanter began the quest for the Orb.
     0 | D:1      | Reached XP level 1. HP: 10/10 MP: 6/6
   357 | D:1      | Reached skill level 4 in Stealth
   396 | D:1      | Reached XP level 2. HP: 15/15 MP: 8/8
   839 | D:1      | Learned a level 2 spell: Ensorcelled Hibernation
  1504 | D:2      | Reached XP level 3. HP: 19/19 MP: 9/9
  1892 | D:3      | Reached skill level 5 in Stealth
  2114 | D:3      | Found a faded altar of an unknown god.
  2312 | D:3      | Noticed an ogre
  2605 | D:3      | Killed an ogre
  2605 | D:3      | Reached skill level 6 in Stealth
  2605 | D:3      | Reached skill level 1 in Ice Magic
  2605 | D:3      | Reached XP level 4. HP: 24/24 MP: 4/11
  2605 | D:3      | Reached XP level 5. HP: 28/28 MP: 4/12
  3139 | D:3      | Learned a level 3 spell: Confuse
  3698 | D:3      | Reached XP level 6. HP: 29/33 MP: 13/13
  3817 | D:4      | Noticed dricus's ghost (amateur GrGl)
  3826 | D:5      | Entered Level 5 of the Dungeon
  3830 | D:5      | Reached skill level 7 in Stealth
  4331 | D:5      | Reached XP level 7. HP: 17/37 MP: 13/15
  4633 | D:4      | Reached skill level 1 in Fighting
  4812 | D:4      | Slain by dricus's ghost

Skill      XL: |  1  2  3  4  5  6  7 |
---------------+----------------------+-----
Stealth        | 4 6 7 |  7.6
Ice Magic      | 1 2 |  2.4
Dodging        | 3 4 |  4.3
Short Blades   | 2 |  2.4
Spellcasting   | 4 |  4.0
Fighting       | 1 |  1.0
Hexes          | |  4.9

Action                   |  1- 3 |  4- 6 |  7- 9 || total
-------------------------+-------+-------+-------++-------
Melee: Dagger            |    36 |    98 |     9 ||   143
       Short sword       |    64 |       |    23 ||    87
 Cast: Ensorcelled Hiber |    15 |    20 |     3 ||    38
       Confuse           |       |       |     3 ||     3
  Use: Scroll            |       |     4 |       ||     4
 Stab: Sleeping          |    22 |    23 |     2 ||    47
       Distracted        |     1 |       |       ||     1
       Confused          |       |       |     5 ||     5
  Eat: Chunk             |     4 |     8 |     1 ||    13
Armor: Robe              |    14 |     4 |     1 ||    19
Dodge: Dodged            |    64 |    49 |    13 ||   126
       Deflected         |       |     2 |       ||     2
